 Dungeon Crawl Stone Soup version 0.30-a0-1103-g25895a7845 (webtiles) character file.

Game seed: 17154942363867535601

84 Newt the Trooper (level 4, -2/37 HPs)
             Began as a Demonspawn Gladiator on Apr 18, 2023.
             Killed by nerve-wracking pain
             ... invoked by an orc priest
              (12 damage)
             ... on level 3 of the Dungeon.
             The game lasted 00:02:14 (1791 turns).

Newt the Trooper (Demonspawn Gladiator)             Turns: 1791, Time: 00:02:14

Health: -2/37      AC:  4    Str: 17    XL:     4   Next: 23%
Magic:  13/13      EV: 12    Int:  9    God:
Gold:   27         SH:  0    Dex: 14    Spells: 3/3 levels left

rFire   . . .      SeeInvis .    a - +0 rapier
rCold   . . .      Faith    .    (no shield)
rNeg    . . .      Spirit   .    b - +0 leather armour
rPois   .          Reflect  .    c - +0 helmet
rElec   .          Rampage  .    (no cloak)
rCorr   .                        (no gloves)
Will    .....                    (no boots)
Stlth   +                        (no amulet)
HPRegen 0.26/turn                h - ring of magical power
MPRegen 0.26/turn                (no ring)

@: no status effects
A: magic regeneration, sturdy frame 1
a: no special abilities


You were on level 3 of the Dungeon.
You visited 1 branch of the dungeon, and saw 3 of its levels.

You collected 73 gold pieces.
You spent 46 gold pieces at shops.

Inventory:

Hand Weapons
 a - a +0 rapier (weapon)
Missiles
 d - 3 throwing nets
 e - a javelin
 n - 36 stones
 o - 3 boomerangs (quivered)
Armour
 b - a +0 leather armour (worn)
 c - a +0 helmet (worn)
Jewellery
 h - a ring of magical power (left hand)
Scrolls
 p - a scroll of blinking
Potions
 f - a potion of invisibility
 g - 2 potions of haste {unknown}
 i - 3 potions of lignification
 j - a potion of attraction
 k - a potion of curing {unknown}
 l - 3 potions of might
 m - a potion of magic {unknown}
 q - 2 potions of heal wounds {unknown}


   Skills:
 - Level 4.0 Fighting
 - Level 2.7 Short Blades
 + Level 2.6 Throwing
 - Level 2.7 Dodging


You had 3 spell levels left.
You didn't know any spells.
Your spell library contained the following spells:

 Spells                   Type           Power      Damage    Failure   Level
 Scorch                   Fire           0%         2d5       54%         2
 Flame Wave               Conj/Fire      0%         2d4       99%         4
 Summon Cactus Giant      Summ           0%         N/A       100%        6


Dungeon Overview and Level Annotations

Branches:
Dungeon (3/15)

Altars:

Shops:
D:2 **(::


Innate Abilities, Weirdness & Mutations

You regenerate magic rapidly.
Your movements are slightly less encumbered by armour. (ER -2)


Message History

The orc priest is heavily wounded.
The orc priest mumbles some strange prayers to Beogh against you.
Pain shoots through your body!
You hit the orc priest but do no damage.
The orc priest is heavily wounded.
The orc priest hits you but does no damage.
You hit the orc priest but do no damage.
The orc priest is heavily wounded.
The orc priest barely misses you.
You hit the orc priest but do no damage.
The orc priest is heavily wounded.
The orc priest closely misses you.
You hit the orc priest.
The orc priest is severely wounded.
The orc priest barely misses you.
You completely miss the orc priest.
The orc priest is severely wounded.
The orc priest hits you but does no damage.
You hit the orc priest.
The orc priest is almost dead.
The orc priest invokes the aid of Beogh against you.
Beogh smites you!
Throw: 3 boomerangs
Press: ? - help, Q - select action, (/) - cycle Shift-Dir - straight line, f - orc priest
Aim: an orc priest, wielding a +0 mace and wearing a +0 leather armour (almost dead, 62% to hit)
You throw a boomerang.
The boomerang barely misses the orc priest.
The boomerang hits the orc!
You kill the orc!
The orc priest hits you with a +0 mace.
Throw: 3 boomerangs
Press: ? - help, Q - select action, (/) - cycle Shift-Dir - straight line, f/p - orc priest
Aim: an orc priest, wielding a +0 mace and wearing a +0 leather armour (almost dead, 62% to hit)
You throw a boomerang.
The boomerang closely misses the orc priest.
The orc priest hits you with a +0 mace.
* * * LOW HITPOINT WARNING * * *
The orc priest calls down the wrath of Beogh upon you.
Pain shoots through your body!
You die...

*,****#.# *, *******#,****#.####
*, *,,,,,,$.#*,,.....*** *,
*,***,,....,*#...,,,* *, *,*
*,*#....*#..#.*.# *,
**,***,*#....o#..#.*.# *,
,,,,,,,*#...oo..)#.#.# *,
**,*****#.#.####o#...# *, **,*
*,*,* #@##..# ** **,******,*,*
#.##..# * **,,,,,,,,*+** #.##..#
* ,,,,******,,,**#.....# * ***,*
**,,,,,*####.### * *,*,*
**,,,,,,,** #.#.##
,,,,***,,,,,,,,,###....########**
,,,,,,+,,,,,,,,,+..............,,
,,,,***,,,,,,,,,###....########**


You could see an orc priest.

Vanquished Creatures
  An orc priest (D:3)
  A worm (D:2)
  A dart slug (D:2)
  6 orcs (D:3)
  5 endoplasms
  3 goblins
  2 hobgoblins
  10 jackals (D:2)
  3 ball pythons
  A bat (D:2)
  3 frilled lizards
  3 kobolds (D:2)
  2 rats (D:2)
41 creatures vanquished.

Notes
Turn   | Place    | Note
-------+----------+-------------------------------------------
     0 | D:1      | Newt the Demonspawn Gladiator began the quest for the Orb.
     0 | D:1      | Reached XP level 1. HP: 16/16 MP: 1/1
   743 | D:2      | Gained mutation: You regenerate magic rapidly. [demonic
                  | ancestry]
   743 | D:2      | Reached XP level 2. HP: 19/23 MP: 2/2
   847 | D:2      | Found Kingif's Assorted Antiques.
   855 | D:2      | Reached skill level 3 in Fighting
   949 | D:2      | Bought a scroll labelled AJOFIR XOXACA for 23 gold pieces
   949 | D:2      | Bought a scroll labelled SATWEU VIATZITS for 23 gold pieces
   976 | D:2      | Found Lilupreo's Antique Weapon Shoppe.
  1078 | D:2      | Gained mutation: Your movements are slightly less
                  | encumbered by armour. (ER -2) [demonic ancestry]
  1078 | D:2      | Reached XP level 3. HP: 27/29 MP: 3/3
  1191 | D:2      | Found Ymoan's General Store.
  1192 | D:2      | Found Tustoun's Book Boutique.
  1389 | D:2      | Found Uqusmibb's Book Emporium.
  1608 | D:3      | Reached skill level 4 in Fighting
  1608 | D:3      | Reached XP level 4. HP: 37/37 MP: 4/4
  1791 | D:3      | Killed from afar by an orc priest

Illustrated notes

Levels and vault maps discovered:
D:1:      dpeg_arrival_arbitrary_c, layout_basic, hangedman_decor_opposing
D:2:      layout_loops_cross, serial_shops, nicolae_book_shop_shelving, shop,
          shop, nicolae_shop_trees, nicolae_shop_trees,
          ebering_dispersal_statue_hall, minmay_quantized
D:3:      cheibrodos_helix_gallery, layout_loops_corners,
          hellmonk_ecumenical_altar_leap_of_faith

Skill      XL: |  1  2  3 |
---------------+----------+-----
Fighting       | 3 4 |  4.0
Throwing       | 2 |  2.6
Short Blades   | |  2.7
Dodging        | |  2.7

Action                     |  1- 3 |  4- 6 || total
---------------------------+-------+-------++-------
  Melee: Rapier            |   112 |    23 ||   135
         Punch             |     2 |       ||     2
  Throw: Boomerang         |     4 |     6 ||    10
    Use: Scroll            |     7 |     2 ||     9
   Stab: Sleeping          |     4 |       ||     4
 Armour: Leather armour    |    32 |     5 ||    37
  Dodge: Dodged            |    61 |     7 ||    68

Table legend: (Time is in decaauts)
 A = Elapsed time spent in this place.
 B = Non-inter-level travel time spent in this place.
 C = Inter-level travel time spent in this place.
 D = Time resting spent in this place.
 E = Time spent auto-exploring this place.
 F = Levels seen in this place.
 G = Mean time per level.
                   A        B        C        D        E       F      G
               +--------+--------+--------+--------+--------+-----+--------+
         Total |   1801 |   1773 |     28 |     97 |   1362 |   3 |  600.3 |
       Dungeon |   1801 |   1773 |     28 |     97 |   1362 |   3 |  600.3 |
               +--------+--------+--------+--------+--------+-----+--------+

Top non-repeatable levels by time:
     D:2: 810 daAuts
     D:1: 733 daAuts
     D:3: 256 daAuts
